 Dungeon Crawl Stone Soup version 0.28.0-53-g5a82cb258f (webtiles) character file.

Game seed: 6065167815962200861

13986 MalarOregon the Cleaver (level 11, -6/93 HPs)
             Began as a Palentonga Hedge Wizard on June 16, 2022.
             Was a Priest of Makhleb.
             Mangled by a komodo dragon (28 damage)
             ... on level 10 of the Dungeon.
             The game lasted 00:36:54 (15750 turns).

MalarOregon the Cleaver (Palentonga Hedge Wizard)  Turns: 15750, Time: 00:36:54

Health: -6/93      AC: 18    Str: 17    XL:     11   Next: 82%
Magic:  23/23      EV:  6    Int: 18    God:    Makhleb [***...]
Gold:   317        SH:  0    Dex: 10    Spells: 9/26 levels left

rFire   + . .      SeeInvis +   a - +9 war axe of Vengeance {elec, Str+3}
rCold   . . .      Faith    .   (no shield)
rNeg    + + +      Spirit   .   G - +1 chain mail "Giugiec" {rF+ rN+++ SInv Stlth-}
rPois   .          Reflect  .   q - +0 helmet
rElec   .          Harm     .   (no cloak)
rCorr   +          Rampage  .   D - +0 pair of gloves
Will    +....                   (no barding)
Stlth   ..........              (no amulet)
HPRegen 0.25/turn               E - ring "Oremp" {rN+ rCorr SInv}
MPRegen 0.18/turn               Q - ring of willpower

@: curled up
A: large, rugged brown scales 3, see invisible, deformed body, roll 1, armoured
tail, reflexive curl
a: Rolling Charge, Renounce Religion, Minor Destruction, Lesser Servant of
Makhleb


You were on level 10 of the Dungeon.
You worshipped Makhleb.
Makhleb was most pleased with you.
You visited 3 branches of the dungeon, and saw 13 of its levels.

You collected 903 gold pieces.
You spent 586 gold pieces at shops.


Innate Abilities, Weirdness & Mutations

You are completely covered in rugged brown scales. (AC +3, +7% HP)
You have supernaturally acute eyesight. (SInv)
Armour fits poorly on your strangely shaped body.
You can roll at nearby foes to attack.
You have a long armoured tail.
You curl defensively after being hit. (AC +7*)


   Skills:
 + Level 8.4 Fighting
 * Level 10.4 Axes
 + Level 4.2 Armour
 - Level 5.5 Dodging
 - Level 1.2 Stealth
 + Level 8.3 Spellcasting
 - Level 0.8 Conjurations
 - Level 0.7 Summonings
 - Level 1.0 Translocations
 + Level 8.2 Invocations


You had 9 spell levels left.
You knew the following spells:

 Your Spells              Type           Power      Damage    Failure   Level
a - Magic Dart            Conj           40%        1d5       67%         1
b - Blink                 Tloc           22%        N/A       78%         2
c - Inner Flame           Hex/Fire       7%         N/A       98%         3
d - Cause Fear            Hex            3%         N/A       100%        4
f - Mephitic Cloud        Conj/Pois/Air  8%         N/A       98%         3
q - Passwall              Tmut/Erth      5%         N/A       89%         2
x - Call Imp              Summ           10%        N/A       83%         2

Your spell library contained the following spells:

 Spells                   Type           Power      Damage    Failure   Level
 Apportation              Tloc           22%        N/A       65%         1
 Animate Skeleton         Necr           14%        N/A       78%         1
 Pain                     Necr           28%        1d5       78%         1
 Slow                     Hex            28%        N/A       78%         1
 Searing Ray              Conj           20%        2d5       80%         2
 Corpse Rot               Necr/Air       14%        N/A       89%         2
 Ensorcelled Hibernation  Hex/Ice        14%        N/A       89%         2
 Poisonous Vapours        Pois/Air       14%        N/A       89%         2
 Conjure Flame            Conj/Fire      9%         6-21      97%         3
 Spider Form              Tmut/Pois      7%         N/A       98%         3
 Swiftness                Air            7%         N/A       98%         3
 Vampiric Draining        Necr           7%         2d6       98%         3
 Anguish                  Hex/Necr       3%         N/A       100%        4
 Fulminant Prism          Conj/Hex       4%         3d6       100%        4
 Hailstorm                Conj/Ice       9%         3d4       100%        4
 Ice Form                 Ice/Tmut       7%         N/A       100%        4
 Olgreb's Toxic Radiance  Pois           7%         N/A       100%        4
 Alistair's Intoxication  Tmut/Pois      4%         N/A       100%        5
 Simulacrum               Ice/Necr       3%         N/A       100%        6
 Ozocubu's Refrigeration  Ice            3%         4d5       100%        7
 Discord                  Hex            3%         N/A       100%        8
 Ignition                 Fire           3%         3d4       100%        8

Inventory:

Hand Weapons
 a - the +9 war axe of Vengeance (weapon) {elec, Str+3}
   (You found it on level 5 of the Dungeon)

   It occasionally discharges a powerful burst of electricity upon striking a
   foe.
   Str:       It affects your strength (+3).
 b - a +2 whip of flaming
   (You took it off Pikel on level 5 of the Dungeon)
Missiles
 c - a curare-tipped dart {!f}
 l - 2 poisoned darts
 C - a throwing net {!f}
Armour
 q - a +0 helmet (worn)
   (You took it off Robin on level 3 of the Dungeon)
 D - a +0 pair of gloves (worn)
   (You found it on level 5 of the Dungeon)
 G - the +1 chain mail "Giugiec" (worn) {rF+ rN+++ SInv Stlth-}
   (You bought it in a shop on level 7 of the Dungeon)

   rF:        It protects you from fire.
   rN:        It renders you almost immune to negative energy.
   SInv:      It lets you see invisible.
   Stlth:     It makes you less stealthy.
 J - a +2 leather armour of cold resistance
   (You took it off Joseph on level 8 of the Dungeon)
 P - a +0 troll leather armour
   (You found it on level 11 of the Dungeon)
Magical Staves
 O - a staff of cold
   (You found it on level 10 of the Dungeon)
Jewellery
 r - a ring of ice
   (You found it on level 5 of the Dungeon)
 E - the ring "Oremp" (left hand) {rN+ rCorr SInv}
   (You found it on level 7 of the Dungeon)

   [ring of positive energy]

   rN:        It protects you from negative energy.
   SInv:      It lets you see invisible.
   rCorr:     It protects you from acid and corrosion.
 Q - a ring of willpower (right hand)
   (You found it on level 11 of the Dungeon)
Wands
 d - a wand of iceblast (17)
   (You bought it in a shop on level 7 of the Dungeon)
 t - a wand of flame (23)
   (You found it on level 5 of the Dungeon)
 u - a wand of paralysis (30)
   (You found it on level 5 of the Dungeon)
 L - a wand of polymorph (5)
   (You found it on level 9 of the Dungeon)
Scrolls
 f - 5 scrolls of brand weapon
 g - 2 scrolls of silence
 h - a scroll of holy word
 j - a scroll of torment {unknown}
 k - a scroll of summoning {unknown}
 o - a scroll of fog
 p - a scroll of enchant weapon {unknown}
 s - 3 scrolls of magic mapping
 v - 2 scrolls of teleportation {@r4}
 y - 4 scrolls of fear
 z - 2 scrolls of immolation {!r}
 A - a scroll of noise {!r}
 B - 2 scrolls of vulnerability {!r}
 H - a scroll of blinking {unknown}
 I - a scroll of acquirement {unknown}
Potions
 e - a potion of haste {@q3}
 i - 8 potions of curing {@q1}
 m - 2 potions of ambrosia
 n - a potion of lignification {!q}
 w - 6 potions of brilliance
 x - a potion of mutation {!q}
 F - 2 potions of heal wounds {@q2}
 K - a potion of degeneration {unknown}
 M - 2 potions of flight
 N - a potion of cancellation {unknown}

Dungeon Overview and Level Annotations

Branches:
Dungeon (11/15)            Temple (1/1) D:6            Lair (1/6) D:10
    Orc (0/2) D:11

Altars:
Ashenzari
Cheibriados
Dithmenos
Elyvilon
Fedhas
Gozag
Hepliaklqana
Kikubaaqudgha
Makhleb
Nemelex Xobeh
Okawaru
Qazlal
Ru
Sif Muna
Trog
Uskayaw
Vehumet
Wu Jian
Xom
Yredelemnul
Zin
The Shining One

Shops:
D:3 =!   D:7 * D:9

? #.......#......#.........#.. #+
#.....>.#......#.#'###...#.. ..
........#......'.#...#...'..
#+####+###...#......#.#...#.###..
.........#...#......#.#...#.#....
........#....########.#...#.#....
...........#..........##+##.#....
...........#....[...........#####
.......#.......l@...............#
.....>.##...#####..............(#
................#..#######.......
................#..# #.......
.#..............'..# #.......
............#####..# #.......
...................# #.......
...................# #....###
.#########.........#######....#..


You could see a komodo dragon.


Message History

Lightning courses through the death yak!
The death yak gores you.
* * * LOW HITPOINT WARNING * * *
Your orange demon stings the death yak.
The death yak looks as sick as possible!
Your orange demon poisons the death yak!
Your orange demon hits the death yak but does no damage.
Your orange demon stings the death yak but does no damage.
Your orange demon disappears in a puff of smoke!
The death yak looks more healthy.
A demon appears!
The death yak snorts and paws the ground.
You slash the death yak! The death yak gores you!
* * * LOW HITPOINT WARNING * * *
Your neqoxec hits the death yak! You hit the death yak.
Lightning courses through the death yak!
You kill the death yak!
Makhleb accepts your kill.
You feel better.
Unknown command.
There is a staircase to the Lair here.
You start resting.
Your neqoxec disappears in a puff of smoke!
Unknown command.
You climb downwards.
Welcome to the Lair of Beasts!
Found a buckler.
There is a staircase back to the Dungeon here.
A bullfrog comes into view.
The bullfrog gives a loud, deep croak!
Found a scroll of identify.
Found a stone staircase leading down.
The bullfrog hits you!
You completely miss the bullfrog.
The bullfrog hits you but does no damage.
You slice the bullfrog!!
You kill the bullfrog!
Makhleb accepts your kill.
You feel better.
No target in view!
No target in view!
Nergalle the Soulbinder comes into view.
She is wielding a +0 dagger.
Nergalle shouts!
Nergalle moves out of view.
There is a staircase back to the Dungeon here.
Roll where?
Press: ? - help, Dir - move target, f - Nergalle
Aim: Nergalle, wielding a +0 dagger and wearing a +0 robe You roll forward with a clatter of scales!
You slash Nergalle! Lightning courses through Nergalle! You tail-slap Nergalle!
Nergalle hits you with a +0 dagger.
You hit Nergalle but do no damage. Nergalle hits you with a +0 dagger.
You slash Nergalle! Nergalle hits you with a +0 dagger.
You closely miss Nergalle. Nergalle barely misses you.
You barely miss Nergalle. You closely miss Nergalle.
Nergalle barely misses you.
You hit Nergalle but do no damage. Lightning courses through Nergalle!
Nergalle hits you with a +0 dagger.
You hit Nergalle.
Nergalle says, "THAT's why.
How awful.
You!"
Nergalle hits you with a +0 dagger.
You hit Nergalle.
You kill Nergalle!
Makhleb accepts your kill.
You feel better.
Things that are here:
a +0 dagger; a +0 robe; the orc corpse of Nergalle
R - a scroll of identify {@r1}
Things that are here:
a +0 dagger; a +0 robe; the orc corpse of Nergalle A komodo dragon comes into view.
There is a staircase back to the Dungeon here.
As you read the scroll of identify {@r1}, it crumbles to dust.
M - 2 potions of flight The komodo dragon hisses angrily.
You hear a loud, deep croak!
Okay, then.
A blink frog comes into view.
The blink frog blinks!
The blink frog moves out of view.
A blink frog comes into view.
A blink frog comes into view.
The blink frog gives a loud, deep croak!
A blink frog comes into view.
The komodo dragon bites you!
A blink frog comes into view.
You barely miss the komodo dragon.
The blink frog croaks. x2
The komodo dragon bites you!!
You slice the komodo dragon!!
The blink frog blinks!
The komodo dragon bites you!!
* * * LOW HITPOINT WARNING * * *
The blink frog blinks!
The blink frog blinks! x2
The blink frog blinks!
There is a staircase back to the Dungeon here.
The komodo dragon bites you!!
* * * LOW HITPOINT WARNING * * *
You climb upwards.
Welcome back to the Dungeon!
There is a staircase to the Lair here.
The komodo dragon hisses menacingly.
The komodo dragon bites you!!
You die...

Skill      XL: |  1  2  3  4  5  6  7  8  9 10 11 |
---------------+----------------------------------+-----
Fighting       | 1 2 3 4 5 6 7 8 |  8.4
Dodging        | 2 3 4 5 |  5.5
Axes           | 1 2 3 5 7 8 10 | 10.4
Spellcasting   | 4 5 6 7 8 |  8.3
Invocations    | 1 2 4 5 6 8 |  8.2
Armour         | 2 4 |  4.2
Stealth        | |  1.2
Conjurations   | |  0.8
Summonings     | |  0.7
Translocations | |  1.0

Action                   |  1- 3 |  4- 6 |  7- 9 | 10-12 || total
-------------------------+-------+-------+-------+-------++-------
Melee: Dagger            |    76 |    26 |       |       ||   102
       Tailslap          |    12 |    10 |    24 |    30 ||    76
       Punch             |     1 |     1 |     4 |     4 ||    10
       War axe           |       |    58 |   183 |   235 ||   476
Throw: Dart              |       |     4 |       |       ||     4
 Cast: Magic Dart        |    72 |    75 |       |       ||   147
       Blink             |       |       |     1 |       ||     1
Invok: Lesser Servant of |       |       |       |     3 ||     3
 Abil: Rolling Charge    |     1 |     3 |     5 |     9 ||    18
Evoke: Wand              |       |       |     8 |     3 ||    11
  Use: Scroll            |       |       |    11 |     7 ||    18
       Potion            |       |       |       |     3 ||     3
 Stab: Sleeping          |     1 |     1 |       |       ||     2
       Paralysed         |       |       |    12 |     5 ||    17
       Distracted        |       |       |       |     3 ||     3
Armor: Robe              |    28 |    18 |    33 |       ||    79
       Chain mail        |       |       |    70 |   107 ||   177
Dodge: Dodged            |    38 |    49 |    75 |    47 ||   209

Levels and vault maps discovered:
D:1:      minmay_arrival_shattered_statue, layout_basic,
          hellmonk_ecumenical_altar_crossroads
D:2:      wander_river, layout_loops_ring
D:3:      layout_basic, serial_shops,
          nicolae_shop_temple_entry_statues_fountains,
          nicolae_shop_behind_doors, minmay_goblin_kobold_house, uniq_robin
D:4:      minmay_spotlight, layout_basic, kennysheep_little_box, minivault_27
D:5:      layout_cave_pools, uniq_grinder, uniq_pikel
D:6:      layout_loops_ring, minmay_temple_entry_stoned_glass
D:7:      cheibrodos_barr_body, layout_basic, serial_shops, nicolae_square_shop
D:8:      layout_basic, uniq_prince_ribbit1, uniq_joseph
D:9:      layout_basic, mainiacjoe_overflow_divided_tiny, kennysheep_mini,
          serial_shops, nicolae_shop_competitors_out_of_business,
          minmay_increasing_density
D:10:     layout_irregular_city, dpeg_lair_monsters, lightli_orcish_oven,
          uniq_grum
D:11:     layout_irregular_city, zombieorc1_lemuel
Temple:   mainiacjoe_temple_coin_purse
Lair:1:   layout_chaotic_city, basic_altar, serial_bayou_shore_b,
          grunt_megastairs_2, uniq_urug, uniq_nergalle

Notes
Turn   | Place    | Note
-------+----------+-------------------------------------------
     0 | D:1      | MalarOregon the Palentonga Hedge Wizard began the quest for
                  | the Orb.
     0 | D:1      | Reached XP level 1. HP: 13/13 MP: 4/4
   238 | D:1      | Reached XP level 2. HP: 21/21 MP: 1/6
   297 | D:1      | Learned a level 2 spell: Blink
   300 | D:1      | Learned a level 2 spell: Call Imp
   312 | D:1      | You pick up a book of Hexes and begin reading...
   312 | D:1      | You add the spells Inner Flame, Cause Fear and Discord to
                  | your library.
   414 | D:1      | Reached skill level 1 in Fighting
   545 | D:1      | Reached skill level 2 in Dodging
   891 | D:1      | You pick up a book of Party Tricks and begin reading...
   891 | D:1      | You add the spells Apportation and Alistair's Intoxication
                  | to your library.
  1154 | D:1      | Found a faded altar of an unknown god.
  1359 | D:2      | Reached XP level 3. HP: 27/27 MP: 2/7
  2043 | D:2      | Reached skill level 2 in Fighting
  2049 | D:2      | Reached XP level 4. HP: 35/35 MP: 0/9
  2244 | D:2      | HP: 8/35 [poisoned by an adder]
  3029 | D:3      | You pick up a book of Burglary and begin reading...
  3029 | D:3      | You add the spells Passwall, Ensorcelled Hibernation and
                  | Swiftness to your library.
  3048 | D:3      | Noticed Robin
  3212 | D:3      | Killed Robin
  3596 | D:3      | Found Ziwkuk's Distillery.
  3744 | D:3      | Bought a potion of curing for 42 gold pieces
  3772 | D:3      | You fall into a shaft and drop 2 floors!
  3772 | D:5      | Entered Level 5 of the Dungeon
  3798 | D:5      | Identified the +9 war axe of Vengeance {elec, Str+3}
  3803 | D:5      | Noticed a sky beast
  3905 | D:5      | Noticed Grinder
  3905 | D:5      | Paralysed by Grinder for 4 turns
  3915 | D:5      | Killed Grinder
  3916 | D:5      | Reached skill level 3 in Fighting
  3916 | D:5      | Reached skill level 1 in Axes
  3916 | D:5      | Reached skill level 3 in Dodging
  3916 | D:5      | Reached skill level 4 in Spellcasting
  3916 | D:5      | Reached XP level 5. HP: 16/43 MP: 8/11
  3916 | D:5      | Reached XP level 6. HP: 19/50 MP: 8/12
  4445 | D:4      | Reached skill level 2 in Axes
  4677 | D:4      | Identified the +0 leather armour of the Lion {SInv}
  4808 | D:3      | Found Qoeroel's Jewellery Emporium.
  5535 | D:4      | You pick up a book of Vapours and begin reading...
  5535 | D:4      | You add the spells Poisonous Vapours and Corpse Rot to your
                  | library.
  5546 | D:4      | Found a burning altar of Makhleb.
  5551 | D:4      | Became a worshipper of Makhleb the Destroyer
  5593 | D:5      | Killed a sky beast
  5594 | D:5      | Reached skill level 1 in Invocations
  5594 | D:5      | Gained mutation: You curl defensively after being hit. (AC
                  | +7*) [Palentonga growth]
  5594 | D:5      | Reached XP level 7. HP: 40/56 MP: 13/13
  5881 | D:5      | Noticed Pikel
  5889 | D:5      | HP: 14/56 [Pikel/+2 whip of freezing (1)]
  5890 | D:5      | HP: 6/56 [lemure[Pikel] (7)]
  5896 | D:5      | Killed Pikel
  5897 | D:5      | Reached skill level 4 in Fighting
  5897 | D:5      | Reached skill level 3 in Axes
  5897 | D:5      | Reached skill level 4 in Dodging
  5897 | D:5      | Reached skill level 5 in Spellcasting
  5897 | D:5      | Reached skill level 2 in Invocations
  5897 | D:5      | Reached XP level 8. HP: 6/65 MP: 13/15
  6298 | D:6      | You pick up a book of the Tundra and begin reading...
  6298 | D:6      | You add the spells Hailstorm, Ice Form and Simulacrum to
                  | your library.
  6407 | D:6      | Found a staircase to the Ecumenical Temple.
  6433 | Temple   | Entered the Ecumenical Temple
  6588 | D:6      | Reached skill level 3 in Invocations
  7306 | D:7      | Learned a level 2 spell: Passwall
  7310 | D:7      | Learned a level 3 spell: Mephitic Cloud
  7314 | D:7      | Learned a level 3 spell: Inner Flame
  7319 | D:7      | Learned a level 4 spell: Cause Fear
  7381 | D:7      | Reached skill level 4 in Axes
  7383 | D:7      | Reached skill level 5 in Fighting
  7537 | D:7      | Reached skill level 4 in Invocations
  7568 | D:7      | Reached skill level 5 in Axes
  7782 | D:7      | Found Jebb's Assorted Antiques.
  7858 | D:7      | Bought a scroll labelled PIPLO WAMUMOUST for 22 gold pieces
  7858 | D:7      | Bought a scroll labelled OQAQ SEARENEHU for 22 gold pieces
  7858 | D:7      | Bought a wand of paralysis (5) for 44 gold pieces
  7858 | D:7      | Bought a glowing bone wand for 88 gold pieces
  7858 | D:7      | Bought a scroll of fear for 77 gold pieces
  7858 | D:7      | Bought a steaming chain mail for 209 gold pieces
  7858 | D:7      | Identified the +1 chain mail "Giugiec" {rF+ rN+++ SInv
                  | Stlth-} (You bought it in a shop on level 7 of the Dungeon)
  7877 | D:7      | Reached XP level 9. HP: 67/72 MP: 17/17
  7958 | D:7      | Reached skill level 6 in Spellcasting
  8081 | D:7      | Reached * piety under Makhleb
  8248 | D:7      | You pick up a book of Conjurations and begin reading...
  8248 | D:7      | You add the spells Searing Ray and Fulminant Prism to your
                  | library.
  8273 | D:7      | Reached skill level 5 in Dodging
  9047 | D:7      | Identified the ring "Oremp" {rN+ rCorr SInv}
  9267 | D:3      | Bought a potion of lignification for 42 gold pieces
  9382 | D:8      | Reached skill level 6 in Axes
  9385 | D:8      | Reached skill level 5 in Invocations
  9588 | D:8      | Reached skill level 6 in Fighting
  9723 | D:8      | You pick up a book of Necromancy and begin reading...
  9723 | D:8      | You add the spells Pain, Animate Skeleton and Vampiric
                  | Draining to your library.
  9734 | D:8      | Noticed Prince Ribbit
  9737 | D:8      | Killed Prince Ribbit
  9840 | D:8      | You pick up a book of Dreams and begin reading...
  9840 | D:8      | You add the spells Spider Form and Anguish to your library.
 10085 | D:8      | Noticed Joseph
 10094 | D:8      | Reached ** piety under Makhleb
 10095 | D:8      | Killed Joseph
 10110 | D:8      | Noticed a two-headed ogre
 10115 | D:8      | Reached skill level 7 in Axes
 10149 | D:8      | Killed a two-headed ogre
 10150 | D:8      | Reached XP level 10. HP: 82/82 MP: 18/20
 10393 | D:9      | Found Veguach's Magic Scroll Shoppe.
 10399 | D:9      | Bought a scroll of identify for 20 gold pieces
 10399 | D:9      | Bought a scroll of identify for 20 gold pieces
 10591 | D:9      | Reached skill level 1 in Armour
 10816 | D:9      | You pick up a book of Vapours and begin reading...
 10829 | D:9      | You add the spells Olgreb's Toxic Radiance, Ozocubu's
                  | Refrigeration and Ignition to your library.
 10846 | D:9      | Reached skill level 6 in Invocations
 10916 | D:9      | Reached skill level 7 in Spellcasting
 11332 | D:9      | Found a shimmering blue altar of Sif Muna.
 11637 | D:9      | Found a white marble altar of Elyvilon.
 11638 | D:9      | Found a broken altar of Ashenzari.
 11815 | D:10     | Entered Level 10 of the Dungeon
 11876 | D:10     | Reached skill level 8 in Axes
 11878 | D:10     | Reached skill level 2 in Armour
 11961 | D:10     | Noticed Grum
 11964 | D:10     | Reached skill level 7 in Fighting
 11969 | D:10     | Killed Grum
 12205 | D:10     | Reached *** piety under Makhleb
 12214 | D:10     | Noticed a death yak
 12214 | D:10     | Noticed a death yak
 12289 | D:10     | Noticed a death yak
 12668 | D:11     | Noticed a boulder beetle
 12677 | D:11     | Killed a boulder beetle
 12964 | D:11     | HP: 21/84 [centaur/arrow (9)]
 12964 | D:11     | HP: 10/84 [centaur/arrow (11)]
 12970 | D:11     | Reached XP level 11. HP: 35/89 MP: 22/22
 13381 | D:11     | Reached skill level 9 in Axes
 13381 | D:11     | Reached skill level 7 in Invocations
 13388 | D:11     | Reached skill level 3 in Armour
 13398 | D:11     | Found a staircase to the Orcish Mines.
 14605 | D:10     | Noticed a death yak
 14626 | D:10     | Noticed a death yak
 14626 | D:10     | HP: 22/92 [death yak (15)]
 14626 | D:10     | Noticed a death yak
 14627 | D:10     | Killed a death yak
 14694 | D:9      | HP: 16/92 [death yak (17)]
 15017 | D:9      | Killed a death yak
 15018 | D:9      | Reached skill level 8 in Fighting
 15018 | D:9      | Reached skill level 8 in Spellcasting
 15323 | D:10     | Killed a death yak
 15336 | D:10     | Found a staircase to the Lair.
 15347 | D:10     | Killed a death yak
 15348 | D:10     | Reached skill level 10 in Axes
 15359 | D:10     | Killed a death yak
 15360 | D:10     | Reached skill level 4 in Armour
 15360 | D:10     | Reached skill level 8 in Invocations
 15422 | D:10     | HP: 23/92 [death yak (7)]
 15423 | D:10     | Killed a death yak
 15654 | Lair:1   | Entered Level 1 of the Lair of Beasts
 15685 | Lair:1   | Noticed Nergalle
 15702 | Lair:1   | Killed Nergalle
 15738 | Lair:1   | HP: 19/93 [komodo dragon (18)]
 15750 | D:10     | Mangled by a komodo dragon

Vanquished Creatures
  A boulder beetle (D:11)
  A two-headed ogre (D:8)
  4 death yaks
  Nergalle (Lair:1)
  Pikel (D:5)
  Joseph (D:8)
  An unseen horror (D:11)
  A kobold demonologist (D:11)
  2 trolls (D:11)
  A hornet (D:10)
  Prince Ribbit (D:8)
  Grinder (D:5)
  3 shadows (D:11)
  2 wyverns (D:10)
  10 yaks
  Grum (D:10)
  A steam dragon (D:7)
  A water moccasin (D:7)
  3 orc warriors
  3 sky beasts
  8 centaurs
  3 necrophages
  2 lemures (D:5)
  A phantom (D:11)
  2 wolves (D:10)
  A kobold brigand (D:7)
  6 bullfrogs
  A gnoll sergeant (D:9)
  A wyvern zombie (D:5)
  A troll zombie (D:11)
  7 killer bees
  A wight (D:9)
  4 howler monkeys
  A centaur zombie (D:8)
  A gnoll shaman (D:9)
  3 hounds
  A jelly (D:6)
  5 orc priests
  2 bullfrog skeletons
  A centaur skeleton (D:7)
  4 iguanas
  11 orc wizards
  A killer bee zombie (D:7)
  5 ogre zombies (D:11)
  A howler monkey zombie (D:7)
  Robin (D:3)
  A howler monkey skeleton (D:7)
  5 adders
  11 gnolls
  2 ufetubi (D:7)
  An adder skeleton (D:4)
  A worm (D:3)
  4 dart slugs
  38 orcs
  9 ball pythons
  7 endoplasms
  4 giant cockroaches
  15 goblins
  13 hobgoblins
  4 jackals
  2 quokkas (D:1)
  4 bats
  4 frilled lizards
  2 goblin skeletons (D:11)
  2 goblin zombies (D:11)
  A hobgoblin skeleton (D:11)
  A hobgoblin zombie (D:11)
  5 kobolds
  3 orc skeletons (D:11)
  10 orc zombies (D:11)
  4 rats
268 creatures vanquished.

Vanquished Creatures (collateral kills)
  2 death yaks (D:10)
2 creatures vanquished.

Vanquished Creatures (others)
  An orc (D:8)
  A fungus (Lair:1)
2 creatures vanquished.

Grand Total: 272 creatures vanquished

Table legend:
 A = Non-vault XP
 B = Vault XP
 C = Vault XP percentage of total XP
 D = Non-vault monster count
 E = Vault monster count
 F = Vault count percentage of total count
                 A         B        C        D         E       F
            +---------+---------+-------+---------+---------+-------
      Total |   10051 |    9930 |  49.7 |     179 |      89 |  33.2
            +---------+---------+-------+---------+---------+-------
        D:1 |      40 |       0 |   0.0 |      21 |       0 |   0.0
        D:2 |      80 |       0 |   0.0 |      25 |       0 |   0.0
        D:3 |      41 |      50 |  54.9 |      14 |      19 |  57.6
        D:4 |      98 |      20 |  16.9 |       8 |       3 |  27.3
        D:5 |     256 |     853 |  76.9 |       3 |       2 |  40.0
        D:6 |     532 |       0 |   0.0 |      12 |       0 |   0.0
        D:7 |    1141 |     725 |  38.9 |      28 |      11 |  28.2
        D:8 |    1651 |     713 |  30.2 |      24 |       2 |   7.7
        D:9 |     541 |    1540 |  74.0 |      18 |       9 |  33.3
       D:10 |    1472 |    4459 |  75.2 |       9 |      13 |  59.1
       D:11 |    4103 |     797 |  16.3 |      16 |      29 |  64.4
     Lair:1 |      96 |     773 |  89.0 |       1 |       1 |  50.0
            +---------+---------+-------+---------+---------+-------

Illustrated notes

Table legend:
 A = Kills in this place as a percentage of kills in entire the game.
 B = Kills by you in this place as a percentage of kills by you in the entire game.
 C = Kills by friends in this place as a percentage of kills by friends in the entire game.
 D = Other kills in this place as a percentage of other kills in the entire game.
 E = Experience gained in this place as a percentage of experience gained in the entire game.
 F = Experience gained in this place divided by the number of levels of this place that you have seen.
                   A       B       C       D       E      F
               +-------+-------+-------+-------+-------+----------------------
         Total | 100.0 | 100.0 | 100.0 |   N/A | 100.0 | 1537.0
       Dungeon |  99.3 |  99.2 | 100.0 |   N/A |  95.7 | 1737.5
          Lair |   0.7 |   0.8 |   0.0 |   N/A |   4.3 | 869.0
               +-------+-------+-------+-------+-------+----------------------

Table legend: (Time is in decaauts)
 A = Elapsed time spent in this place.
 B = Non-inter-level travel time spent in this place.
 C = Inter-level travel time spent in this place.
 D = Time resting spent in this place.
 E = Time spent auto-exploring this place.
 F = Levels seen in this place.
 G = Mean time per level.
                   A        B        C        D        E       F      G
               +--------+--------+--------+--------+--------+-----+--------+
         Total |  15880 |  15244 |    636 |   2885 |   9938 |  13 | 1221.5 |
       Dungeon |  15683 |  15070 |    613 |   2885 |   9817 |  11 | 1425.7 |
        Temple |    111 |     98 |     13 |      0 |     83 |   1 |  111.0 |
          Lair |     84 |     74 |     10 |      0 |     38 |   1 |   84.0 |
               +--------+--------+--------+--------+--------+-----+--------+

Top non-repeatable levels by time:
     D:7: 1944 daAuts
    D:10: 1742 daAuts
     D:9: 1713 daAuts
    D:11: 1696 daAuts
     D:2: 1642 daAuts
     D:3: 1450 daAuts
     D:1: 1352 daAuts
     D:8: 1173 daAuts
     D:5: 1100 daAuts
     D:6: 948 daAuts
     D:4: 920 daAuts
  Temple: 111 daAuts
  Lair:1: 84 daAuts
